 Dungeon Crawl Stone Soup version 0.27-a0-686-gaed091b46b (webtiles) character file.

Game seed: 14514576283746833197

13320 sahdkjhfkaj the Covert (level 11, -6/87 HPs)
             Began as a Demonspawn Conjurer on Mar 20, 2021.
             Was a Believer of Ashenzari.
             Mangled by an eight-headed hydra (10 damage)
             ... on level 1 of the Lair of Beasts.
             The game lasted 00:22:23 (15897 turns).

sahdkjhfkaj the Covert (Demonspawn Conjurer)       Turns: 15897, Time: 00:22:23

Health: -6/87      AC:  8    Str:  9    XL:     11   Next: 74%
Magic:  30/30      EV: 13    Int: 22    God:    Ashenzari [**....]
Gold:   479        SH:  0    Dex: 13    Spells: 13/24 levels left

rFire    . . .     SeeInvis +   a - +4 trident (vamp)
rCold    . . .     Faith    .   (no shield)
rNeg     . . .     Spirit   .   y - +1 robe of Defiance {Dex+2 Slay+2}
rPois    .         Reflect  .   (helmet restricted)
rElec    .         Harm     .   m - +0 cloak
rCorr    .         Rampage  .   (no gloves)
Will     +....                  g - +3 pair of boots of Ashenzari's Comet {MP+9, Evo, Elem} (curse)
Stlth    +++++.....             i - amulet of Star-Bound Wisdom {RegenMP, Melee, Self} (curse)
HPRegen  0.24/turn              z - ring of the Elysian Regret {Wiz, Self, Range} (curse)
MPRegen  0.47/turn              j - ring of the Gnostic Oracle {Will+, Melee, Evo} (curse)

@: no status effects
A: claws 2, hooves 2, horns 1, demonic guardian 1, demonic magic 2
a: Renounce Religion, Shatter the Chains


You were on level 1 of the Lair of Beasts.
You worshipped Ashenzari.
Ashenzari was pleased with you.
You visited 3 branches of the dungeon, and saw 13 of its levels.

You collected 632 gold pieces.
You spent 153 gold pieces at shops.

Inventory:

Hand Weapons
 a - a +4 vampiric trident (weapon)
   (You took it off a gnoll sergeant on level 4 of the Dungeon)
Armour
 g - the cursed +3 pair of boots of Ashenzari's Comet (worn) {MP+9, Evo, Elem}
   (You acquired it on level 7 of the Dungeon)

   It affects your magic capacity (+9).
   It has a curse which improves the following skills: Evocations: Evocations.
   Elements:  Fire Magic, Ice Magic, Air Magic and Earth Magic.
 m - a +0 cloak (worn)
   (You took it off Crazy Yiuf on level 2 of the Dungeon)
 y - the +1 robe of Defiance (worn) {Dex+2 Slay+2}
   (You bought it in a shop on level 5 of the Dungeon)

   It affects your dexterity (+2).
   It affects your accuracy and damage with ranged weapons and melee attacks
   (+2).
Jewellery
 i - the cursed amulet of Star-Bound Wisdom (around neck) {RegenMP, Melee, Self}
   (You found it on level 1 of the Dungeon)

   [amulet of magic regeneration]

   It increases your magic regeneration.
   It has a curse which improves the following skills: Melee Combat: Short
   Blades, Long Blades, Axes, Maces & Flails, Polearms, Staves and Unarmed
   Combat.
   Introspection: Fighting and Spellcasting.
 j - the cursed ring of the Gnostic Oracle (left claw) {Will+, Melee, Evo}
   (You found it on level 3 of the Dungeon)

   [ring of willpower]

   It affects your willpower, your defense against some magical effects.
   It has a curse which improves the following skills: Melee Combat: Short
   Blades, Long Blades, Axes, Maces & Flails, Polearms, Staves and Unarmed
   Combat.
   Evocations: Evocations.
 z - the cursed ring of the Elysian Regret (right claw) {Wiz, Self, Range}
   (You found it on level 4 of the Dungeon)

   [ring of wizardry]

   It improves your spell success rate.
   It has a curse which improves the following skills: Introspection: Fighting
   and Spellcasting.
   Ranged Combat: Slings, Bows, Crossbows and Throwing.
 H - a ring of flight
   (You found it on level 4 of the Dungeon)
Wands
 v - a wand of digging (15)
   (You took it off Ijyb on level 3 of the Dungeon)
 C - a wand of charming (5)
   (You found it on level 9 of the Dungeon)
Scrolls
 b - a scroll of fog
 c - 2 scrolls of amnesia
 e - a scroll of enchant armour
 k - 2 scrolls of enchant weapon
 l - 2 scrolls of brand weapon
 s - 5 scrolls of holy word
 t - 6 scrolls of teleportation
 u - 2 scrolls of vulnerability
 A - 2 scrolls of fear
 B - a scroll of silence
 E - a scroll of summoning
 F - 2 scrolls of immolation
Potions
 d - a potion of might
 f - a potion of cancellation
 h - a potion of haste
 n - a potion of resistance
 o - 3 potions of berserk rage
 p - a potion of attraction
 q - 6 potions of curing
 r - a potion of lignification
 x - 2 potions of brilliance
 D - a potion of mutation
 G - 8 potions of ambrosia


   Skills:
 - Level 6.0(8.3) Fighting
 - Level 3.0(5.0) Short Blades
 - Level 4.0 Dodging
 - Level 12.0 Stealth
 - Level 5.0(7.2) Spellcasting
 - Level 8.0 Conjurations
 - Level 7.0 Hexes
 - Level 1.0 Translocations
 - Level 2.0(3.1) Air Magic
 - Level 2.0 Poison Magic
 + Level 4.1(6.3) Evocations


You had 13 spell levels left.
You knew the following spells:

 Your Spells              Type           Power      Damage    Failure   Level
a - Magic Dart            Conj           100%       1d8       1%          1
b - Searing Ray           Conj           86%        3d6       1%          2
c - Passwall              Tmut/Erth      6%         N/A       4%          2
d - Poisonous Vapours     Pois/Air       38%        N/A       1%          2
e - Fulminant Prism       Conj/Hex       20%        3d13      1%          4

Your spell library contained the following spells:

 Spells                   Type           Power      Damage    Failure   Level
 Dazzling Flash           Conj/Hex       80%        N/A       1%          3
 Mephitic Cloud           Conj/Pois/Air  27%        N/A       1%          3
 Stone Arrow              Conj/Erth      50%        3d10      1%          3
 Sting                    Tmut/Pois      48%        1d5       2%          1
 Beastly Appendage        Tmut           14%        N/A       3%          1
 Freeze                   Ice            32%        1d5       3%          1
 Wereblood                Tmut           7%         N/A       4%          2
 Iskenderun's Mystic Bla  Conj/Tloc      27%        2d7       5%          4
 Hailstorm                Conj/Ice       25%        3d7       6%          4
 Ignite Poison            Fire/Tmut/Pois 11%        N/A       8%          3
 Frozen Ramparts          Ice            16%        1d3       9%          3
 Ozocubu's Armour         Ice            8%         N/A       9%          3
 Olgreb's Toxic Radiance  Pois           16%        N/A       14%         4
 Irradiate                Conj/Tmut      12%        3d17      17%         5
 Summon Ice Beast         Ice/Summ       8%         N/A       30%         4
 Eringya's Noxious Bog    Tmut/Pois      6%         N/A       96%         6


Dungeon Overview and Level Annotations

Branches:
Dungeon (11/15)            Temple (1/1) D:6            Lair (1/6) D:11
    Orc (0/2) D:11

Altars:
Ashenzari
Cheibriados
Dithmenos
Elyvilon
Fedhas
Gozag
Hepliaklqana
Kikubaaqudgha
Makhleb
Nemelex Xobeh
Okawaru
Qazlal
Ru
Sif Muna
Trog
Uskayaw
Vehumet
Wu Jian
Xom
Yredelemnul
Zin
The Shining One
Lugonu

Shops:
D:4 [   D:5 [[:   D:8 (   D:9 !   D:11 *

Portals:
Abyss: Lair:1

Annotations:
Lair:1 exclusion: 2 oklob plants


Innate Abilities, Weirdness & Mutations

You have very sharp fingernails.
You have hoof-like feet.
You have a pair of small horns on your head.
A weak demonic guardian rushes to your aid.
Spells you cast may paralyse nearby enemies.


Message History

Aiming: Fulminant Prism (dangerous; 1% risk of failure)
Press: ? - help, Dir - move target, f/p - eight-headed hydra
Aim: an eight-headed hydra (moderately wounded)
Okay, then.
Aiming: Charm
Press: ? - help, Shift-Dir - straight line, f/p - eight-headed hydra
Aim: an eight-headed hydra (moderately wounded, chance to affect: 30%)
The eight-headed hydra easily resists.
The eight-headed hydra barely misses you.
The eight-headed hydra bites you but does no damage.
The eight-headed hydra completely misses you.
The eight-headed hydra misses you. The eight-headed hydra bites you! x2
A demonic guardian appears!
The eight-headed hydra bites you but does no damage.
The eight-headed hydra bites you.
Okay, then.
You swap places.
The eight-headed hydra bites your white imp!
Your white imp dies!
The eight-headed hydra bites you! x3; The eight-headed hydra bites you.
* * * LOW HITPOINT WARNING * * *
The eight-headed hydra bites you but does no damage.
The eight-headed hydra bites you!
* * * LOW HITPOINT WARNING * * *
A demonic guardian appears!
The eight-headed hydra bites you but does no damage.
The eight-headed hydra barely misses you.
Your shadow imp gestures at the eight-headed hydra.
The eight-headed hydra writhes in agony.
The eight-headed hydra bites you!
* * * LOW HITPOINT WARNING * * *
A demonic guardian appears!
The eight-headed hydra bites you but does no damage.
The eight-headed hydra barely misses you.
The eight-headed hydra misses you.
The eight-headed hydra barely misses you.
The eight-headed hydra completely misses you.
The eight-headed hydra closely misses you.
The eight-headed hydra bites you!
You die...

#.....##.#####.########...
######.##......................##
................................#
##...#.####....................##
##...#* #..#####.#########P..#
....# #^## ######## ##..# #*


PPP## #.########..#P####.#.## ###D.P#####.....5..............P#
..#.$P#.........@D..5..........## ###..$####.P######P###..######.# *#### ####
### #### ### You could see an eight-headed hydra (ally target), a friendly
shadow imp (summoned) and a friendly ufetubus (summoned).

Vanquished Creatures
  Pikel (D:9)
  An unseen horror (D:11)
  A cyclops (D:11)
  A centaur skeleton (D:10)
  A cane toad (Lair:1)
  A gargoyle (D:10)
  Maggie (D:8)
  2 komodo dragons
  A queen bee (D:11)
  2 trolls
  A vampire (D:10)
  A wraith (D:11)
  5 yaks
  A human (shapeshifter) (D:11)
  Menkaure (D:5)
  A water moccasin (Lair:1)
  6 sky beasts
  6 orc warriors
  An ice beast (D:11)
  A black bear (D:11)
  10 ogres
  A phantom (D:8)
  5 centaurs
  A lemure (D:9)
  6 kobold brigands
  6 bullfrogs
  5 gnoll sergeants
  32 killer bees
  4 scorpions
  3 howler monkeys (D:10)
  3 bullfrog zombies
  5 centaur zombies
  A lava snake (D:11)
  A quasit (D:11)
  A bullfrog skeleton (D:11)
  Crazy Yiuf (D:2)
  8 hounds
  5 orc priests
  A jelly (D:8)
  3 iguanas
  Ijyb (D:3)
  Natasha (thrice) (D:3)
  10 orc wizards
  7 worker ants
  A hound skeleton (D:7)
  A mummy (D:8)
  A howler monkey zombie (D:7)
  10 gnolls
  13 adders
  2 shadow imps
  5 white imps
  2 ufetubi (D:9)
  An ooze (D:2)
  An adder skeleton (D:3)
  3 worms
  5 dart slugs
  5 leopard geckos
  32 orcs
  9 giant cockroaches
  6 goblins
  9 hobgoblins
  24 jackals
  17 kobolds
  4 quokkas
  A ball python (D:2)
  9 bats
  5 frilled lizards
  A goblin zombie (D:8)
  A leopard gecko skeleton (D:9)
  A leopard gecko zombie (D:6)
  An orc zombie (D:8)
  9 rats
  A lurking horror (Lair:1)
339 creatures vanquished.

Vanquished Creatures (collateral kills)
  An ugly thing (D:11)
  An acid dragon (D:11)
  A bullfrog (D:9)
  An ooze (D:3)
  A worm (D:2)
  A goblin (D:3)
6 creatures vanquished.

Vanquished Creatures (others)
  21 fulminant prisms
  A fungus (Lair:1)
  40 plants
62 creatures vanquished.

Grand Total: 407 creatures vanquished

Notes
Turn   | Place    | Note
-------+----------+-------------------------------------------
     0 | D:1      | sahdkjhfkaj the Demonspawn Conjurer began the quest for the
                  | Orb.
     0 | D:1      | Reached XP level 1. HP: 13/13 MP: 3/3
   403 | D:1      | Gained mutation: A weak demonic guardian rushes to your
                  | aid. [demonic ancestry]
   403 | D:1      | Reached XP level 2. HP: 19/19 MP: 1/5
   406 | D:1      | Learned a level 2 spell: Searing Ray
   950 | D:2      | Found a runed translucent door.
   951 | D:2      | Noticed Crazy Yiuf
  1513 | D:2      | Reached skill level 5 in Conjurations
  1513 | D:2      | Gained mutation: You have sharp fingernails. [demonic
                  | ancestry]
  1513 | D:2      | Reached XP level 3. HP: 24/24 MP: 2/6
  2281 | D:2      | Reached XP level 4. HP: 30/30 MP: 4/8
  3045 | D:2      | Killed Crazy Yiuf
  3185 | D:3      | Gained mutation: You have very sharp fingernails. [demonic
                  | ancestry]
  3185 | D:3      | Reached XP level 5. HP: 35/35 MP: 0/9
  3430 | D:3      | Reached skill level 1 in Fighting
  3535 | D:3      | Noticed Ijyb
  3546 | D:3      | Killed Ijyb
  3547 | D:3      | Reached skill level 2 in Stealth
  3871 | D:3      | Reached skill level 3 in Stealth
  3960 | D:3      | Found a basalt altar of Yredelemnul.
  4015 | D:3      | Reached skill level 1 in Short Blades
  4015 | D:3      | Gained mutation: Spells you cast may paralyse adjacent
                  | enemies. [demonic ancestry]
  4015 | D:3      | Reached XP level 6. HP: 36/43 MP: 6/10
  4182 | D:3      | Noticed Natasha
  4190 | D:3      | Killed Natasha
  4191 | D:3      | Reached skill level 1 in Poison Magic
  4399 | D:4      | Found Rioten's Armour Shop.
  4470 | D:4      | Reached skill level 1 in Evocations
  4497 | D:4      | Reached skill level 1 in Translocations
  4497 | D:4      | Gained mutation: Spells you cast may paralyse nearby
                  | enemies. [demonic ancestry]
  4497 | D:4      | Reached XP level 7. HP: 50/50 MP: 7/11
  4786 | D:4      | Reached skill level 4 in Stealth
  5106 | D:3      | Noticed Natasha
  5150 | D:3      | Found a basalt altar of Yredelemnul.
  5194 | D:3      | Killed Natasha
  5226 | D:3      | Noticed Natasha
  5230 | D:3      | Killed Natasha
  5763 | D:5      | Entered Level 5 of the Dungeon
  5894 | D:5      | Found Uxtephog's Antique Armour Shoppe.
  5923 | D:5      | Noticed Menkaure
  5930 | D:5      | Killed Menkaure
  5931 | D:5      | Gained mutation: You have large cloven feet. [demonic
                  | ancestry]
  5931 | D:5      | Reached XP level 8. HP: 30/56 MP: 5/12
  6482 | D:5      | Found a shimmering altar of Xom.
  6579 | D:5      | Found Unimukih's Book Emporium.
  6746 | D:5      | Reached skill level 5 in Spellcasting
  6803 | D:5      | Found Ucaasix's Antique Armour Emporium.
  7018 | D:5      | Bought a crude robe for 153 gold pieces
  7018 | D:5      | Identified the +1 robe of Defiance {Dex+2 Slay+2} (You
                  | bought it in a shop on level 5 of the Dungeon)
  7727 | D:6      | Found a staircase to the Ecumenical Temple.
  7798 | D:6      | Reached skill level 1 in Hexes
  7803 | D:6      | Learned a level 4 spell: Fulminant Prism
  7882 | D:6      | Gained mutation: You have hoof-like feet. [demonic
                  | ancestry]
  7882 | D:6      | Reached XP level 9. HP: 65/65 MP: 7/16
  8309 | D:7      | Reached skill level 5 in Stealth
  8366 | D:7      | Identified a scroll of acquirement
  8370 | D:7      | Acquired the +3 pair of boots "Ducrall" {MP+9}
  8403 | Temple   | Entered the Ecumenical Temple
  8589 | Temple   | Became a worshipper of Ashenzari the Shackled
  8646 | D:7      | Reached skill level 6 in Stealth
  8654 | D:7      | Reached skill level 7 in Stealth
  9156 | D:7      | Learned a level 2 spell: Poisonous Vapours
  9212 | D:8      | Identified the +10 hunting sling of Aleq Sera {freeze,
                  | rF+++ Int+2 Dex-4}
  9448 | D:8      | Reached skill level 5 in Hexes
  9659 | D:8      | Found Gyibel's Weapon Shop.
  9668 | D:8      | Noticed Maggie
  9682 | D:8      | Killed Maggie
  9683 | D:8      | Gained mutation: You have a pair of small horns on your
                  | head. [demonic ancestry]
  9683 | D:8      | Reached XP level 10. HP: 47/71 MP: 17/17
  9827 | D:8      | Found a snail-covered altar of Cheibriados.
  9854 | D:8      | Reached skill level 8 in Stealth
 10389 | D:9      | Noticed Pikel
 10399 | D:9      | Killed Pikel
 10400 | D:9      | Reached skill level 9 in Stealth
 10458 | D:9      | Found a radiant altar of Vehumet.
 11113 | D:9      | Found a sparkling altar of Nemelex Xobeh.
 11261 | D:9      | Found Irorutre's Distillery.
 11395 | D:10     | Entered Level 10 of the Dungeon
 11831 | D:10     | Noticed a gargoyle
 11836 | D:10     | Killed a gargoyle
 12162 | D:10     | Reached skill level 5 in Fighting
 12864 | D:11     | Noticed a cyclops
 12873 | D:11     | Killed a cyclops
 12874 | D:11     | Reached skill level 10 in Stealth
 12874 | D:11     | Reached XP level 11. HP: 79/79 MP: 15/18
 12918 | D:11     | Found a shimmering altar of Xom.
 13269 | D:11     | Reached * piety under Ashenzari
 13271 | D:11     | Noticed a red ugly thing
 13290 | D:11     | Killed a red ugly thing
 13449 | D:11     | Found a staircase to the Lair.
 13464 | D:11     | Killed an unseen horror
 13621 | D:11     | Reached skill level 11 in Stealth
 13692 | D:11     | Found Noir's Demolitions Depot.
 14036 | D:11     | Found a staircase to the Orcish Mines.
 14049 | D:11     | Reached skill level 12 in Stealth
 14579 | D:11     | Reached ** piety under Ashenzari
 14939 | Lair:1   | Entered Level 1 of the Lair of Beasts
 15171 | Lair:1   | Found a corrupted altar of Lugonu.
 15185 | Lair:1   | Found a one-way gate to the infinite horrors of the Abyss.
 15197 | Lair:1   | Identified Wyrgh's Almanac of Ashen Transformation
 15221 | Lair:1   | Learned a level 2 spell: Passwall
 15432 | Lair:1   | Noticed an oklob plant
 15432 | Lair:1   | Noticed an oklob plant
 15433 | Lair:1   | Noticed an eight-headed hydra
 15897 | Lair:1   | HP: 4/87 [eight-headed hydra (8)]
 15897 | Lair:1   | Mangled by an eight-headed hydra

Illustrated notes

Levels and vault maps discovered:
D:1:      psy_arrival_basics, layout_loops_ring
D:2:      minmay_evil_eye, layout_basic, marbit_many_paths, minmay_mini_jars,
          uniq_crazy_yiuf_cottage
D:3:      layout_rooms, kennysheep_cross_bottleneck, yredelemnul_altar_generic,
          uniq_ijyb, uniq_natasha
D:4:      layout_loops_ring, serial_shops, kennysheep_mini,
          chequers_serial_rivers_micro_a
D:5:      cheibrodos_thug_alley, layout_layer_cave, serial_shops,
          shop_fountains, shop, nicolae_shop_waterfront,
          amcnicky_mini_pool_small, xom_teletrap_fun, uniq_menkaure
D:6:      layout_basic, temple_fountains
D:7:      layout_rooms
D:8:      layout_basic, general_overflow_altar, serial_shops,
          nicolae_shop_stone, nicolae_ossuary_entry_giza, uniq_maggie
D:9:      layout_gridville, nicolae_overflow_crystal_walls,
          lemuel_coloured_pillars_altar, overflow_temple_1_default,
          serial_shops, kennysheep_little_box, minivault_11,
          corexii_corridor_pit, uniq_pikel
D:10:     layout_grid_maze
D:11:     layout_roguey [special_room_bee], david_lair_shrubbed,
          kennysheep_orc_monster_closet_entryway, basic_altar,
          nicolae_blasting_shop, kennysheep_path_1,
          chequers_serial_rivers_micro_b
Temple:   bh_familiar_temple
Lair:1:   layout_long_grid, amcnicky_altar_lugonu_corruption,
          grunt_megastairs_3, infiniplex_staircase_pool_2,
          minmay_lair_oklob_chamber

Skill      XL: |  1  2  3  4  5  6  7  8  9 10 11 |
---------------+----------------------------------+-----
Conjurations   | 5 6 7 8 |  8.0
Spellcasting   | 3 5 |  5.0
Fighting       | 1 2 4 5 6 |  6.0
Stealth        | 3 4 7 10 12 | 12.0
Short Blades   | 1 2 3 |  3.0
Poison Magic   | 2 |  2.0
Air Magic      | 2 |  2.0
Evocations     | 1 2 4 |  4.1
Translocations | 1 |  1.0
Hexes          | 2 5 7 |  7.0
Dodging        | 3 4 |  4.0

Action                   |  1- 3 |  4- 6 |  7- 9 | 10-12 || total
-------------------------+-------+-------+-------+-------++-------
Melee: Unarmed           |     6 |     1 |       |       ||     7
       Dagger            |       |     4 |       |       ||     4
       Trident           |       |       |    10 |     2 ||    12
 Cast: Magic Dart        |    89 |   121 |   212 |   199 ||   621
       Searing Ray       |     1 |    10 |    39 |    83 ||   133
       Fulminant Prism   |       |       |     9 |    12 ||    21
Invok: Curse Item        |       |       |       |     4 ||     4
Evoke: Wand              |       |       |       |     1 ||     1
  Use: Scroll            |       |       |    10 |     1 ||    11
       Potion            |       |       |       |     1 ||     1
 Stab: Paralysed         |       |     1 |       |     1 ||     2
Armor: Robe              |     2 |     4 |     9 |    38 ||    53
Dodge: Dodged            |    11 |    26 |    27 |   107 ||   171

Table legend: (Time is in decaauts)
 A = Elapsed time spent in this place.
 B = Non-inter-level travel time spent in this place.
 C = Inter-level travel time spent in this place.
 D = Time resting spent in this place.
 E = Time spent auto-exploring this place.
 F = Levels seen in this place.
 G = Mean time per level.
                   A        B        C        D        E       F      G
               +--------+--------+--------+--------+--------+-----+--------+
         Total |  15940 |  15288 |    652 |    312 |  13144 |  13 | 1226.2 |
       Dungeon |  14776 |  14151 |    625 |    312 |  12143 |  11 | 1343.3 |
        Temple |    205 |    180 |     25 |      0 |    178 |   1 |  205.0 |
          Lair |    959 |    959 |      0 |      0 |    822 |   1 |  959.0 |
               +--------+--------+--------+--------+--------+-----+--------+

Top non-repeatable levels by time:
     D:2: 2256 daAuts
    D:11: 2084 daAuts
     D:5: 1977 daAuts
     D:3: 1541 daAuts
    D:10: 1468 daAuts
     D:8: 1139 daAuts
     D:9: 1100 daAuts
     D:1: 1064 daAuts
  Lair:1: 959 daAuts
     D:4: 902 daAuts
     D:6: 648 daAuts
     D:7: 591 daAuts
  Temple: 205 daAuts
